 Dungeon Crawl Stone Soup version 0.28.0-49-g6dfe1f597d (webtiles) character file.

Game seed: 16066917658294449202

12032 Zeld the Cleaver (level 11, -6/160 HPs)
             Began as a Minotaur Berserker on May 19, 2022.
             Was an Elder of Trog.
             Engulfed by a fire crab (glowing shapeshifter)'s flame (7 damage)
             ... in a Gauntlet.
             The game lasted 00:11:30 (14607 turns).

Zeld the Cleaver (Minotaur Berserker)              Turns: 14607, Time: 00:11:31

Health: -6/160     AC: 17    Str: 25    XL:     11   Next: 57%
Magic:  5/10       EV: 10    Int:  4    God:    Trog [****..]
Gold:   556        SH:  0    Dex: 11    Spells: 10/10 levels left

rFire   . . .      SeeInvis .   a - +0 war axe
rCold   . . .      Faith    .   (no shield)
rNeg    . . .      Spirit   .   b - +0 plate armour
rPois   .          Reflect  .   (helmet restricted)
rElec   .          Harm     .   w - +0 cloak
rCorr   +          Rampage  .   (no gloves)
Will    .....      NoTele   +   E - +0 pair of boots
Stlth   ..........              (no amulet)
HPRegen 0.36/turn               y - ring of resist corrosion
MPRegen 0.12/turn               (no ring)

@: berserking (expiring), very quick
A: horns 2, retaliatory headbutt
a: Renounce Religion, Berserk, Trog's Hand, Brothers in Arms


You were in a Gauntlet.
You worshipped Trog.
Trog was greatly pleased with you.
You visited 2 branches of the dungeon, and saw 12 of its levels.
You also visited: Sewer and Gauntlet.

You collected 556 gold pieces.

Inventory:

Hand Weapons
 a - a +0 war axe (weapon)
Armour
 b - a +0 plate armour (worn)
 w - a +0 cloak (worn)
 E - a +0 pair of boots (worn)
Jewellery
 v - a ring of protection from cold
 y - a ring of resist corrosion (left hand)
 B - a ring of protection from fire
Wands
 z - a wand of charming (8)
 G - a wand of digging (5)
Scrolls
 c - a scroll of summoning {unknown}
 d - a scroll of immolation {unknown}
 h - 3 scrolls of teleportation {unknown}
 i - 2 scrolls of vulnerability {unknown}
 l - 3 scrolls of blinking {unknown}
 n - 2 scrolls of magic mapping {unknown}
 q - 4 scrolls of identify {unknown}
 s - a scroll of silence {unknown}
 t - a scroll of holy word {unknown}
 u - a scroll of fog {unknown}
 x - a scroll of fear {unknown}
 C - 2 scrolls of noise {unknown}
Potions
 e - 4 potions of heal wounds
 f - 2 potions of attraction {unknown}
 g - a potion of brilliance {unknown}
 j - 5 potions of flight
 k - 3 potions of degeneration {unknown}
 m - 4 potions of curing
 o - 3 potions of lignification {unknown}
 p - 3 potions of might {unknown}
 r - a potion of haste {unknown}
 A - a potion of ambrosia {unknown}
 D - 2 potions of cancellation {unknown}
 F - a potion of magic {unknown}
 I - a potion of mutation {unknown}
Miscellaneous
 H - a condenser vane


   Skills:
 * Level 13.2 Fighting
 * Level 13.2 Axes
 + Level 9.3 Armour
 + Level 8.6 Dodging
 * Level 1.8 Evocations


You had 10 spell levels left.
You didn't know any spells.
Your spell library was empty.

Dungeon Overview and Level Annotations

Branches:
Dungeon (11/15)            Temple (1/1) D:7            Lair (0/6) D:10
  Sewer (visited)         Gauntlet (1/1)
    Orc: D:9-12

Altars:
Ashenzari
Cheibriados
Dithmenos
Elyvilon
Fedhas
Gozag
Hepliaklqana
Kikubaaqudgha
Makhleb
Nemelex Xobeh
Okawaru
Qazlal
Ru
Sif Muna
Trog
Uskayaw
Vehumet
Wu Jian
Xom
Yredelemnul
Zin
The Shining One

Annotations:
Gauntlet 9 transporters, 21 runed translucent doors


Innate Abilities, Weirdness & Mutations

You have a pair of horns on your head.
You reflexively headbutt those who attack you in melee.


Message History

* * * LOW HITPOINT WARNING * * *
You hold your ground!
The dire elephant trunk-slaps you.
* * * LOW HITPOINT WARNING * * *
You slice the dire elephant!!
You kill the dire elephant!
Trog accepts your kill.
The dire elephant's shape twists and changes as it dies.
Your Evocations skill increases to level 1!
Unknown command.
You slash the mana viper! You headbutt the mana viper!
You kill the mana viper!
Trog accepts your kill.
The mana viper's shape twists and changes as it dies.
You barely miss the raiju. You headbutt the raiju!
The raiju is moderately wounded.
The raiju bites you.
* * * LOW HITPOINT WARNING * * *
The raiju shocks you!
* * * LOW HITPOINT WARNING * * *
You closely miss the raiju.
The raiju is moderately wounded.
Unknown command.
You barely miss the raiju.
The raiju is moderately wounded.
The raiju changes into a fire crab!
You slash the fire crab!
The fire crab is lightly wounded.
You slash the fire crab! You headbutt the fire crab!
The fire crab is severely wounded.
Unknown command.
You slash the fire crab!
The fire crab is almost dead.
The fire crab breathes flames at you. The blast of flame engulfs you.
* * * LOW HITPOINT WARNING * * *
Unknown command.
You barely miss the fire crab.
The fire crab is almost dead.
You are engulfed in blazing flames.
You die...

#################################
.................................
.................................
########...###########...########
#......#.8.#iY.......#.8.##......
.#.....#...#.##...##.#...#.#^....
.#....######=.##○##..#####..#..^#
..#©##.#...#...#○#○○.#...#...#^#.
.###...#©.©#©..#@t○..#©.©#©...#©.
#.#....#...#[..#○#○..#...#...#^#.
...#..h#####[.##○##..#####..#^..#
...#..h#...#.##...##.#...#.#.....
....#.2#...#.........#...##^.....
########§§.###########...########
......§..≈...........§.≈.........
........§8≈...........≈8≈........
.........≈.............≈.........


You could see a fire crab shaped shifter.

Vanquished Creatures
  A dire elephant (shapeshifter) (Gauntlet)
  A two-headed ogre (D:10)
  A sixfirhy (Gauntlet)
  A mana viper (shapeshifter) (Gauntlet)
  The ghost of nickcage the Basher, a novice FoGl (D:5)
  A gargoyle (D:10)
  A troll (D:9)
  5 wyverns
  19 yaks
  A steam dragon (D:7)
  Edmund (D:4)
  7 water moccasins
  An acid dragon (D:10)
  A sky beast (D:4)
  A black bear (D:4)
  3 orc warriors
  2 ice beasts
  2 ogres
  A necrophage (D:5)
  A hornet zombie (D:5)
  7 centaurs
  A centaur (shapeshifter) (Gauntlet)
  2 phantoms (D:6)
  A bullfrog (D:8)
  2 kobold brigands
  Blork the orc (D:4)
  3 scorpions
  A wyvern skeleton (D:5)
  A howler monkey (D:5)
  5 centaur zombies
  A bullfrog zombie (D:7)
  6 hounds
  5 orc priests
  2 jellies
  2 centaur skeletons (D:6)
  A gnoll shaman (D:8)
  An iguana (D:4)
  3 orc wizards
  A howler monkey zombie (D:6)
  3 gnolls (D:8)
  7 adders
  A river rat (D:6)
  5 ufetubi
  A worm (D:3)
  4 dart slugs (D:3)
  22 orcs
  7 ball pythons
  5 endoplasms
  6 giant cockroaches
  6 goblins
  3 hobgoblins
  6 jackals
  2 quokkas
  A bat (D:1)
  6 frilled lizards
  24 kobolds
  9 rats
216 creatures vanquished.

Vanquished Creatures (collateral kills)
  2 yaks (D:7)
2 creatures vanquished.

Vanquished Creatures (others)
  A fungus (D:10)
  21 plants (D:10)
22 creatures vanquished.

Grand Total: 240 creatures vanquished

Notes
Turn   | Place    | Note
-------+----------+-------------------------------------------
     0 | D:1      | Zeld the Minotaur Berserker began the quest for the Orb.
     0 | D:1      | Reached XP level 1. HP: 19/19 MP: 0/0
   362 | D:1      | Reached XP level 2. HP: 27/27 MP: 1/1
   782 | D:2      | Found a faded altar of an unknown god.
  1063 | D:2      | Reached ** piety under Trog
  1067 | D:2      | Reached XP level 3. HP: 29/33 MP: 2/2
  1314 | D:2      | Found a radiant altar of Vehumet.
  2143 | D:3      | Reached XP level 4. HP: 39/41 MP: 3/3
  3042 | D:4      | Noticed a black bear
  3049 | D:4      | Killed a black bear
  3050 | D:4      | Reached skill level 5 in Fighting
  3050 | D:4      | Reached skill level 5 in Axes
  3050 | D:4      | Reached XP level 5. HP: 25/48 MP: 4/4
  3243 | D:4      | Reached *** piety under Trog
  3443 | D:4      | Noticed a sky beast
  3464 | D:4      | Killed a sky beast
  3465 | D:4      | Reached XP level 6. HP: 25/57 MP: 5/5
  3714 | D:4      | Noticed Edmund
  3726 | D:4      | Killed Edmund
  3997 | D:4      | Noticed Blork the orc
  4005 | D:4      | Killed Blork the orc
  4006 | D:4      | Reached XP level 7. HP: 56/64 MP: 6/6
  4277 | D:5      | Entered Level 5 of the Dungeon
  4832 | D:5      | Reached skill level 5 in Armour
  4832 | D:5      | Reached XP level 8. HP: 51/73 MP: 7/7
  5425 | D:5      | Noticed nickcage's ghost (novice FoGl)
  5427 | D:5      | Found a transporter.
  5678 | D:5      | Found a transporter.
  5813 | D:5      | Killed nickcage's ghost
  5814 | D:5      | Reached skill level 5 in Dodging
  6519 | D:6      | Reached XP level 9. HP: 70/83 MP: 8/8
  6597 | D:6      | Found a glowing drain.
  6601 | Sewer    | Entered a sewer
  6700 | Sewer    | Reached **** piety under Trog
  6793 | Sewer    | Found a white marble altar of Elyvilon.
  7679 | D:7      | Reached skill level 10 in Fighting
  7679 | D:7      | Reached skill level 10 in Axes
  8577 | D:7      | Found a staircase to the Ecumenical Temple.
  8668 | Temple   | Entered the Ecumenical Temple
  9688 | D:7      | Reached XP level 10. HP: 89/94 MP: 9/9
 11046 | D:8      | Found a glowing golden altar of the Shining One.
 11304 | D:9      | Identified the +6 hand crossbow of Duty {vorpal, rC- Str+3
                  | Int+3}
 11406 | D:9      | Identified the +1 pair of boots of the Enchanted Forest
                  | {Will+ Int+2}
 11954 | D:10     | Entered Level 10 of the Dungeon
 12648 | D:10     | Found a staircase to the Lair.
 12691 | D:10     | Reached XP level 11. HP: 22/104 MP: 10/10
 12759 | D:10     | Noticed a two-headed ogre
 13026 | D:10     | Killed a two-headed ogre
 14086 | D:11     | Found a shimmering altar of Xom.
 14118 | D:11     | Found a gate leading to a gauntlet.
 14125 | Gauntlet | Entered a Gauntlet
 14125 | Gauntlet | Noticed a sixfirhy
 14125 | Gauntlet | Found a transporter.
 14125 | Gauntlet | Found a transporter.
 14141 | Gauntlet | Found a transporter.
 14145 | Gauntlet | Found a transporter.
 14154 | Gauntlet | Noticed a harpy
 14156 | Gauntlet | a harpy changed into a hornet
 14159 | Gauntlet | Found a transporter.
 14161 | Gauntlet | Found a transporter.
 14166 | Gauntlet | Noticed a hell beast
 14169 | Gauntlet | Noticed a death drake
 14169 | Gauntlet | a floating eye changed into a death drake
 14171 | Gauntlet | Found a transporter.
 14190 | Gauntlet | Noticed a reaper
 14191 | Gauntlet | Found a transporter.
 14202 | Gauntlet | Found a runed translucent gate.
 14203 | Gauntlet | Found a large runed translucent door.
 14203 | Gauntlet | Found a large runed translucent door.
 14204 | Gauntlet | Found a large runed translucent door.
 14205 | Gauntlet | Found a large runed translucent door.
 14206 | Gauntlet | Found a large runed translucent door.
 14206 | Gauntlet | Found a large runed translucent door.
 14206 | Gauntlet | Found a runed translucent door.
 14207 | Gauntlet | Found a large runed translucent door.
 14208 | Gauntlet | Found a large runed translucent door.
 14210 | Gauntlet | Noticed a hell hog
 14214 | Gauntlet | Found a transporter.
 14214 | Gauntlet | Found a runed translucent gate.
 14214 | Gauntlet | Found a transporter.
 14214 | Gauntlet | Found a transporter.
 14215 | Gauntlet | Found a runed translucent door.
 14215 | Gauntlet | Found a runed translucent gate.
 14217 | Gauntlet | Found a large runed translucent door.
 14217 | Gauntlet | Found a large runed translucent door.
 14217 | Gauntlet | Found a large runed translucent door.
 14217 | Gauntlet | Found a large runed translucent door.
 14252 | Gauntlet | Found a large runed translucent door.
 14252 | Gauntlet | Found a large runed translucent door.
 14255 | Gauntlet | Found a large runed translucent door.
 14255 | Gauntlet | Found a large runed translucent door.
 14262 | Gauntlet | Found a transporter.
 14437 | Gauntlet | Noticed a steelbarb worm
 14438 | Gauntlet | Noticed an orb spider
 14438 | Gauntlet | a troll changed into an orb spider
 14440 | Gauntlet | an orb spider changed into a jumping spider
 14448 | Gauntlet | Noticed a deep troll
 14464 | Gauntlet | Noticed a death drake
 14464 | Gauntlet | Noticed a shock serpent
 14464 | Gauntlet | a death drake changed into a shock serpent
 14466 | Gauntlet | Noticed a mana viper
 14466 | Gauntlet | a shock serpent changed into a mana viper
 14469 | Gauntlet | Noticed an alligator snapping turtle
 14475 | Gauntlet | a mana viper changed into a culicivora
 14484 | Gauntlet | Noticed a death drake
 14484 | Gauntlet | a culicivora changed into a death drake
 14508 | Gauntlet | Killed a sixfirhy
 14568 | Gauntlet | Noticed a mana viper
 14568 | Gauntlet | Noticed a six-headed hydra
 14570 | Gauntlet | Noticed a jorogumo
 14570 | Gauntlet | a six-headed hydra changed into a jorogumo
 14572 | Gauntlet | a jorogumo changed into a slime creature
 14575 | Gauntlet | Noticed a dire elephant
 14580 | Gauntlet | Noticed a mana viper
 14580 | Gauntlet | a torpor snail changed into a mana viper
 14581 | Gauntlet | Noticed a fire crab
 14581 | Gauntlet | a mana viper changed into a fire crab
 14583 | Gauntlet | a fire crab changed into a meliai
 14599 | Gauntlet | Killed a dire elephant
 14600 | Gauntlet | Reached skill level 1 in Evocations
 14600 | Gauntlet | Killed a mana viper
 14601 | Gauntlet | HP: 6/160 [raiju (glowing shapeshifter) (8)]
 14603 | Gauntlet | Noticed a fire crab
 14603 | Gauntlet | a raiju changed into a fire crab
 14606 | Gauntlet | HP: 1/160 [fire crab (glowing shapeshifter)/blast of flame
                  | (6)]
 14607 | Gauntlet | Engulfed by a fire crab (glowing shapeshifter)'s flame

Illustrated notes

Levels and vault maps discovered:
D:1:      ncdulo_smallfort, layout_loops_ring
D:2:      minmay_skewed_foursquare, layout_rooms,
          hellmonk_ecumenical_altar_inner_sanctum, basic_altar,
          serial_park_tiny_2, kennysheep_generic_room_10
D:3:      layout_basic, minmay_fractal_squares_diagonal_5
D:4:      layout_cave_pools, corexii_checkpoint_b, uniq_blork_the_orc,
          uniq_edmund
D:5:      layout_basic, gammafunk_ghost_smash, nrook_loot_triangle
D:6:      layout_gridville, gup_sewer_entry_spiral
D:7:      layout_basic, minmay_temple_entry_poolview
D:8:      layout_basic, tso_oasis_becter
D:9:      layout_roguey
D:10:     layout_loops_ring, minmay_lair_entry_grove,
          corexii_mini_fake_secret_closet
D:11:     layout_loops_ring, gauntlet_entry_generic,
          portal_ice_cave_entry_pillars_1, xom_confusion_cloud
Temple:   roderic_octagonal_lattice_temple
Gauntlet: gammafunk_gauntlet_hard_choice [nicolae_gauntlet_arena_x,
          nicolae_gauntlet_arena_blocks, gammafunk_gauntlet_arena_split_x,
          minmay_gauntlet_arena_make_your_own_arena, nicolae_gauntlet_swirl,
          gammafunk_gauntlet_arena_crates, gauntlet_exit_watery]

Skill      XL: |  1  2  3  4  5  6  7  8  9 10 11 |
---------------+----------------------------------+-----
Fighting       | 4 5 6 7 9 10 12 13 | 13.2
Axes           | 4 5 6 7 9 10 12 13 | 13.2
Armour         | 3 4 5 6 7 8 9 |  9.3
Dodging        | 3 4 5 6 7 8 |  8.6
Evocations     | 1 |  1.8

Action                   |  1- 3 |  4- 6 |  7- 9 | 10-12 || total
-------------------------+-------+-------+-------+-------++-------
Melee: Hand axe          |   109 |    31 |       |       ||   140
       Headbutt          |    10 |    14 |    56 |    63 ||   143
       Punch             |     1 |       |     3 |     1 ||     5
       War axe           |       |    47 |   235 |   246 ||   528
Invok: Berserk           |       |     2 |     3 |     3 ||     8
       Brothers in Arms  |       |       |     1 |       ||     1
Armor: Animal skin       |     2 |       |       |       ||     2
       Plate armour      |    55 |    62 |   161 |   153 ||   431
Dodge: Dodged            |    47 |    23 |    98 |   129 ||   297
